 Dungeon Crawl Stone Soup version 0.15.2 (console) character file.

11341 Ge0ff the Slinger (level 12, -1/85 HPs)
             Began as a Halfling Gladiator on Dec 8, 2022.
             Was a High Priest of Okawaru.
             Slain by an iron troll (10 damage)
             ... on Level 11 of the Dungeon.
             The game lasted 00:48:02 (17216 turns).

Ge0ff the Slinger (Halfling Gladiator)             Turns: 17216, Time: 00:48:02

HP  -1/85        AC 17     Str 22      XL: 12   Next:  6%
MP  22/22        EV 12     Int  7      God: Okawaru [*****.]
Gold 552         SH  0     Dex 16      Spells:  1 memorised,  8 levels left

rFire  . . .     SeeInvis .     a - +5 long sword of a bailey {freeze, +Blink MR+}
rCold  + . .     Clarity  .     U - +0 chain mail
rNeg   . . .     rCorr    .     (no shield)
rPois  .         rRot     .     c - +0 helmet
rElec  .         Spirit   .     (no cloak)
SustAb .         Warding  .     Q - +2 pair of gloves {Str+3}
rMut   .         Stasis   .     (no boots)
Gourm  .                        u - amulet of faith
MR     +....                    (no ring)
                                I - ring of protection from cold

@: heroism, somewhat resistant to hostile enchantments, very unstealthy
A: mutation resistance 1
a: Heroism, Finesse, Renounce Religion, Evoke Blink


You were on level 11 of the Dungeon.
You worshipped Okawaru.
Okawaru was extremely pleased with you.
You were hungry.

You visited 2 branches of the dungeon, and saw 12 of its levels.
You also visited: Sewer.

You collected 748 gold pieces.
You spent 196 gold pieces at shops.

Inventory:

Hand weapons
 a - the +5 long sword of a bailey (weapon) {freeze, +Blink MR+}
   (You found it on level 4 of the Dungeon)

   It has been specially enchanted to freeze those struck by it, causing extra
   injury to most foes and up to double damage against particularly susceptible
   opponents.
   It can also slow down cold-blooded creatures.
   It affects your resistance to hostile enchantments.
   It lets you blink.
 b - a +1 scimitar of electrocution
 i - a +1 scimitar of holy wrath
 r - a +0 hunting sling
 t - a +0 dagger of venom
 w - a +0 blowgun
 y - a +1 cutlass
 Y - a +3 dagger
Missiles
 d - 2 throwing nets
 h - 4 tomahawks of returning
 k - 2 tomahawks
 n - 343 stones (quivered)
 o - 13 sling bullets of frost
 J - 3 curare-tipped needles
 L - 48 sling bullets
 R - 35 poisoned needles
Armour
 c - a +0 helmet (worn)
 G - a +0 plate armour
 K - a +0 leather armour of cold resistance
 Q - a +2 pair of gloves of strength (worn)
 U - a +0 chain mail (worn)
Magical devices
 j - a wand of fire (4)
 p - a wand of paralysis (7)
 s - a wand of magic darts (2)
 v - a wand of frost (8)
 x - a wand of draining (0)
 E - a wand of lightning (6)
 O - a wand of slowing (0)
Comestibles
 f - 8 bread rations
 l - 3 meat rations
 P - 12 fruits
Scrolls
 m - 4 scrolls of magic mapping
 B - a scroll of blinking
 C - 2 scrolls of remove curse
 F - 2 scrolls of immolation
 T - a scroll of teleportation
Jewellery
 u - an amulet of faith (around neck)
 I - a ring of protection from cold (left hand)
Potions
 q - a potion of curing
 z - 2 potions of cure mutation {!q}
 A - 5 potions of agility
 H - a potion of haste {!q}
 M - 2 potions of might
 N - a potion of degeneration {unknown}
 S - 2 potions of cancellation {!q}
 V - 2 potions of resistance
 W - a potion of heal wounds {!q}
 X - 6 potions of flight
 Z - a potion of berserk rage {!q}
Miscellaneous
 D - a stone of tremors


   Skills:
 * Level 9.1(14.1) Fighting
 - Level 4.0(12.0) Short Blades
 - Level 6.9(12.2) Long Blades
 + Level 11.2(16.4) Slings
 - Level 3.0(12.3) Throwing
 + Level 7.6(12.6) Armour
 - Level 5.0(10.0) Dodging
 - Level 2.0(7.0) Stealth
 - Level 5.0 Invocations
 - Level 7.0 Evocations


You had 8 spell levels left.
You knew the following spells:

 Your Spells              Type           Power        Failure   Level  Hunger
w - Passwall              Trmt/Erth      #.........   100%        3    ####...


Dungeon Overview and Level Annotations

Branches:
Dungeon (11/15)            Temple (1/1) D:5             Orc (0/4) D:9
   Lair (0/8) D:11

Altars:
Ashenzari
Cheibriados
Dithmenos
Elyvilon
Fedhas
Kikubaaqudgha
Makhleb
Nemelex Xobeh
Okawaru
Qazlal
Sif Muna
Trog
Vehumet
Xom
Yredelemnul
Zin
The Shining One
Jiyva

Shops:
D:5 [   D:8 }

Portals:
Trove: D:11 (give 2 scrolls of acquirement)

Annotations:
D:2 exclusion: oklob plant


Innate Abilities, Weirdness & Mutations

You are small and have problems with some larger weapons.
You are somewhat resistant to further mutation.


Message History

The iron troll is severely wounded.
You hit the iron troll.
The iron troll is severely wounded.
The iron troll bites you!! The iron troll misses you. The iron troll claws you.
* * * LOW HITPOINT WARNING * * *
Evoke which item? (* to show all) (? for menu, Esc to quit)
Zapping:
x - a wand of draining {zapped: 5}
Press: ? - help, Shift-Dir - straight line, f/p - iron troll
Aim: an iron troll (severely wounded, lightly drained)
The bolt of negative energy hits the iron troll.
The iron troll is drained!
The iron troll is almost dead.
Your skill with magical items lets you calculate the power of this device...
This wand has 0 charges left.
Evoke which item? (* to show all) (? for menu, Esc to quit)
Okay, then.
The iron troll bites you!
* * * LOW HITPOINT WARNING * * *
The iron troll closely misses you. The iron troll claws you!
You die...

...........................######
...........................# #
...........................# #
...........................# #
≈≈≈≈≈≈≈≈≈≈≈≈≈.≈≈≈≈≈≈≈≈≈≈≈..#### #
≈≈≈≈≈≈≈≈####≈.≈≈≈≈≈≈≈≈≈≈≈≈≈≈≈≈##
≈≈≈≈≈≈≈≈#..#≈.≈####≈≈≈≈≈≈≈≈≈≈≈≈##
≈≈≈≈≈≈≈≈#..(%.%'T.#≈≈≈≈≈≈≈≈≈≈≈≈≈#
≈≈≈≈≈≈≈≈####≈.≈#@[#≈≈≈≈≈≈≈≈≈≈≈≈≈#
≈≈≈≈≈≈≈≈≈≈≈≈≈.≈####≈≈≈≈≈≈≈≈≈≈≈≈≈#
...≈≈≈≈≈≈≈≈≈≈.≈≈≈≈≈≈≈≈≈≈≈≈≈≈≈≈≈≈#
...........................#≈≈≈ #
...........................# #
...........................# #
...........................######
###...........###..............#.
# #.#.........>......###########.


You could see an iron troll.

Vanquished Creatures
  A deep troll (D:11)
  A cyclops (D:11)
  An ugly thing (D:11)
  A hill giant (D:10)
  Grinder (D:6)
  7 trolls
  A two-headed ogre (D:6)
  Prince Ribbit (D:4)
  5 slime creatures
  A trapdoor spider (D:11)
  A water elemental (D:11)
  A wraith (D:11)
  Eustachio (D:5)
  A deep elf fighter (D:11)
  4 wandering mushrooms (D:8)
  3 hippogriffs
  4 hungry ghosts
  Edmund (D:4)
  Menkaure (D:5)
  A water moccasin (D:8)
  A soldier ant (D:11)
  2 ice beasts
  4 orc warriors
  A phantom (D:6)
  2 centaurs
  2 sky beasts
  5 ogres
  3 crocodiles
  Sigmund (D:5)
  3 giant frogs
  A big kobold (D:7)
  2 scorpions
  2 oklob saplings (D:8)
  3 electric eels (D:11)
  5 wights (D:8)
  3 hounds
  A quasit (D:10)
  5 crimson imps
  A giant frog zombie (D:5)
  A giant frog skeleton (D:5)
  4 jellies
  4 iguanas
  8 orc wizards
  6 orc priests
  6 worker ants
  2 sheep (D:11)
  An ogre skeleton (D:6)
  A hound zombie (D:9)
  Terence (D:3)
  18 adders
  4 green rats
  4 giant mites
  6 gnolls
  3 worms
  An inept item mimic (D:7)
  An iguana skeleton (D:8)
  2 orc skeletons (D:4)
  An adder skeleton (D:9)
  4 giant geckos
  4 oozes
  26 orcs
  5 ball pythons
  28 bats
  13 giant cockroaches
  15 hobgoblins
  3 quokkas
  13 giant newts
  9 goblins
  17 jackals
  A jackal zombie (D:8)
  15 kobolds
  A kobold skeleton (D:7)
  A kobold zombie (D:5)
  An orc zombie (D:9)
  30 rats
345 creatures vanquished.

Vanquished Creatures (others)
  A plant (D:11)
1 creature vanquished.

Grand Total: 346 creatures vanquished

Notes
Turn   | Place    | Note
--------------------------------------------------------------
     0 | D:1      | Ge0ff, the Halfling Gladiator, began the quest for the Orb.
     0 | D:1      | Reached XP level 1. HP: 14/14 MP: 1/1
    10 | D:1      | Reached XP level 2. HP: 16/19 MP: 2/2
   495 | D:1      | Reached skill level 1 in Stealth
   874 | D:2      | Reached XP level 3. HP: 17/24 MP: 3/3
  1033 | D:2      | Reached skill level 1 in Armour
  1554 | D:2      | Reached XP level 4. HP: 21/30 MP: 4/4
  2530 | D:2      | Found a blossoming altar of Fedhas.
  2553 | D:2      | Noticed an oklob plant
  2673 | D:3      | Reached XP level 5. HP: 32/36 MP: 5/5
  2863 | D:3      | Found a glowing drain.
  2906 | Sewer    | Entered a sewer
  3234 | Sewer    | Reached XP level 6. HP: 35/42 MP: 6/6
  3889 | D:3      | Noticed Terence
  3909 | D:3      | Killed Terence
  4170 | D:3      | Reached skill level 5 in Dodging
  4602 | D:4      | Noticed Prince Ribbit
  4725 | D:4      | Got a twisted long sword
  4726 | D:4      | Identified the +5 long sword of a bailey {freeze, +Blink MR+} (You found it on level 4 of the Dungeon)
  4880 | D:4      | Reached skill level 1 in Long Blades
  4880 | D:4      | Reached XP level 7. HP: 43/48 MP: 7/7
  5096 | D:4      | Noticed Edmund
  5108 | D:4      | Killed Prince Ribbit
  5112 | D:4      | Killed Edmund
  5230 | D:4      | Reached XP level 8. HP: 54/54 MP: 8/8
  5646 | D:4      | Found a snail-covered altar of Cheibriados.
  5646 | D:4      | Found a basalt altar of Yredelemnul.
  5930 | D:5      | Entered Level 5 of the Dungeon
  5930 | D:5      | Found Peluavir's Armour Shoppe.
  5948 | D:5      | Found a staircase to the Ecumenical Temple.
  5958 | Temple   | Entered the Ecumenical Temple
  5961 | Temple   | Reached skill level 5 in Fighting
  6078 | Temple   | Became a worshipper of Warmaster Okawaru
  6488 | D:5      | Noticed Eustachio
  6510 | D:5      | Killed Eustachio
  6510 | D:5      | Reached skill level 5 in Long Blades
  6710 | D:5      | Noticed Menkaure
  6723 | D:5      | Killed Menkaure
  6907 | D:5      | Noticed Sigmund
  6916 | D:5      | Killed Sigmund
  6916 | D:5      | Reached skill level 5 in Armour
  6916 | D:5      | Reached XP level 9. HP: 58/62 MP: 9/9
  7040 | D:5      | Acquired Okawaru's first power
  7131 | D:6      | Reached skill level 6 in Long Blades
  7381 | D:6      | Reached skill level 1 in Invocations
  7504 | D:6      | Reached skill level 1 in Evocations
  7698 | D:6      | Found a viscous altar of Jiyva.
  7724 | D:6      | Reached skill level 1 in Slings
  8080 | D:6      | Noticed Grinder
  8089 | D:6      | Paralysed by Grinder for 7 turns
  8105 | D:6      | Killed Grinder
  8773 | D:7      | Found a glowing golden altar of the Shining One.
  8862 | D:7      | Found a bloodstained altar of Trog.
  9173 | D:8      | Reached XP level 10. HP: 68/68 MP: 14/14
  9263 | D:8      | Reached skill level 5 in Slings
  9557 | D:8      | Found Phaohasch's Gadget Emporium.
  9595 | D:8      | Reached skill level 7 in Slings
  9877 | D:8      | Noticed a wandering mushroom
  9880 | D:8      | Killed a wandering mushroom
  9897 | D:8      | Noticed a wandering mushroom
 10098 | D:8      | Killed a wandering mushroom
 10099 | D:8      | Found a blossoming altar of Fedhas.
 10099 | D:8      | Noticed a wandering mushroom
 10099 | D:8      | Noticed a wandering mushroom
 10111 | D:8      | Killed a wandering mushroom
 10496 | D:8      | Killed a wandering mushroom
 11327 | D:8      | Reached skill level 8 in Slings
 11555 | D:8      | Bought a wand of lightning (10) for 196 gold pieces
 11988 | D:9      | Found a staircase to the Orcish Mines.
 12259 | D:9      | Found a stormy altar of Qazlal.
 12368 | D:9      | Reached skill level 5 in Invocations
 12670 | D:9      | Reached skill level 9 in Slings
 12670 | D:9      | Reached skill level 5 in Evocations
 12670 | D:9      | Reached XP level 11. HP: 72/75 MP: 19/19
 12728 | D:10     | Entered Level 10 of the Dungeon
 13316 | D:10     | Noticed a hill giant
 13824 | D:10     | Killed a hill giant
 14203 | D:10     | Learned a level 3 spell: Passwall
 14550 | D:10     | Found a sparkling altar of Nemelex Xobeh.
 14550 | D:10     | Noticed a necromancer
 15040 | D:11     | Noticed a cyan ugly thing
 15056 | D:11     | Killed a cyan ugly thing
 15056 | D:11     | Reached skill level 10 in Slings
 15492 | D:11     | Noticed a cyclops
 15523 | D:11     | Killed a cyclops
 16324 | D:11     | Found a staircase to the Lair.
 16559 | D:11     | Received a gift from Okawaru
 16811 | D:11     | Found a portal to a secret trove of treasure.
 16987 | D:11     | Noticed a deep troll
 17002 | D:11     | Killed a deep troll
 17006 | D:11     | Reached skill level 11 in Slings
 17012 | D:11     | Acquired Okawaru's second power
 17188 | D:11     | Noticed an iron troll
 17193 | D:11     | Reached XP level 12. HP: 58/85 MP: 19/22
 17216 | D:11     | Slain by an iron troll

Action                   |  1- 3 |  4- 6 |  7- 9 | 10-12 || total
-------------------------+-------+-------+-------+-------++-------
Melee: Cutlass           |    95 |   331 |       |       ||   426
       Long sword        |       |     8 |   283 |   463 ||   754
       Short sword       |       |       |    16 |       ||    16
       Scimitar          |       |       |       |    43 ||    43
 Fire: Blowgun           |       |       |    11 |     6 ||    17
       Hunting sling     |       |       |       |    34 ||    34
Throw: Stone             |       |    13 |     8 |    14 ||    35
       Throwing net      |       |       |     1 |     2 ||     3
Invok: Heroism           |       |       |     1 |     7 ||     8
Evoke: Wand              |       |       |     5 |    28 ||    33
  Use: Scroll            |     2 |     6 |     8 |    12 ||    28
       Potion            |       |     1 |       |     2 ||     3
 Stab: Sleeping          |     2 |       |       |       ||     2
       Paralysed         |       |       |       |     1 ||     1
       Held in net/web   |       |       |       |     1 ||     1
  Eat: Chunk             |     2 |    11 |    12 |     7 ||    32
       Fruit             |       |       |     2 |     8 ||    10
       Meat ration       |       |       |       |     3 ||     3
       Pizza             |       |       |       |     2 ||     2

Vault maps used:
D:1:      matt_arrival_grand_opening
D:2:      kennysheep_six_static_rooms, tgw_fedhas
D:3:      portal_sewer_entry_e, first_bread, uniq_terence
D:4:      gammafunk_temple_overflow_pools, uniq_edmund, uniq_prince_ribbit1
D:5:      minmay_temple_entry_glass, serial_shops, shop, uniq_eustachio,
          uniq_menkaure, uniq_sigmund
D:6:      jiyva_altar_1, uniq_grinder
D:7:      kennysheep_mini, nicolae_tso_carved_into_rock
D:8:      serial_shops, shop, hangedman_tree_tricks
D:9:      grunt_qazlal_clouds, david_orc_2
D:10:     grunt_nemelex_the_gamble
D:11:     lemuel_troll_bridge, grunt_lair_entry_elf_guard_hut,
          nicolae_trove_entry_crystal, minmay_rotating_lava
Temple:   triangle_lava_temple_12
Sewer:    sewer_frog_island_01
